 Dungeon Crawl Stone Soup version 0.19-a0-749-g66ae36b (webtiles) character file.

7602 vatarom the Fighter (level 11, -1/92 HPs)
             Began as a Formicid Fighter on June 24, 2016.
             Was an Initiate of Uskayaw.
             Succumbed to a killer bee's poison
             ... on level 9 of the Dungeon.
             The game lasted 00:17:59 (9113 turns).

vatarom the Fighter (Formicid Fighter)              Turns: 9113, Time: 00:18:00

Health: -1/92      AC: 15    Str: 20    XL:     11   Next: 40%
Magic:  11/17      EV:  5    Int:  9    God:    Uskayaw [......]
Gold:   349        SH:  9    Dex: 13    Spells: 0 memorised, 10 levels left

rFire  . . .     SeeInvis +     f - +0 dire flail
rCold  + . .     Gourm    .     j - +0 plate armour
rNeg   . . .     Faith    .     c - +0 shield
rPois  .         Spirit   .     (helmet unavailable)
rElec  .         Dismiss  .     (no cloak)
rCorr  .         Reflect  .     (no gloves)
SustAt .         Harm     .     e - +0 pair of boots
MR     +....                    (no amulet)
Stlth  ..........               o - ring of wizardry
                                r - ring of protection from cold

@: lethally poisoned (-1 -> -27), somewhat resistant to hostile enchantments,
extremely unstealthy
A: permanent stasis, dig shafts and tunnels, four strong arms, antennae 3
a: Dig, Shaft Self, Renounce Religion


You were on level 9 of the Dungeon.
You worshipped Uskayaw.
Uskayaw was noncommittal.
You were not hungry.

You visited 2 branches of the dungeon, and saw 10 of its levels.

You collected 349 gold pieces.

Inventory:

Hand Weapons
 b - a +2 flail
 d - a +3 flail of protection
 f - a +0 dire flail (weapon)
Armour
 c - a +0 shield (worn)
 e - a +0 pair of boots (worn)
 j - a +0 plate armour (worn)
Jewellery
 o - a ring of wizardry (right hand)
 r - a ring of protection from cold (left hand)
Wands
 m - a wand of random effects (17/48)
 p - a wand of flame (24/48)
 q - a wand of confusion (23/48)
 v - a wand of confusion (18/48)
Scrolls
 a - a scroll of fear
 i - 3 scrolls of identify
 k - a scroll of enchant weapon
 n - 7 scrolls of remove curse
 s - 2 scrolls of magic mapping
 w - a scroll of fog
Potions
 u - 2 potions of cancellation
Comestibles
 g - 3 meat rations
 h - 4 fruits
 l - 3 beef jerkies
 t - a royal jelly
 x - a slice of pizza


   Skills:
 - Level 10.4 Fighting
 - Level 8.9 Maces & Flails
 - Level 9.8 Armour
 - Level 3.7 Shields
 * Level 9.2 Invocations


You had 10 spell levels left.
You didn't know any spells.

Dungeon Overview and Level Annotations

Branches:
Dungeon (9/15)             Temple (1/1) D:5            Lair (0/6) D:9
    Orc: D:9-12

Altars:
Ashenzari
Cheibriados
Dithmenos
Elyvilon
Fedhas
Gozag
Hepliaklqana
Kikubaaqudgha
Makhleb
Nemelex Xobeh
Okawaru
Pakellas
Qazlal
Ru
Sif Muna
Trog
Uskayaw
Vehumet
Xom
Yredelemnul
Zin
The Shining One


Innate Abilities, Weirdness & Mutations

You are under a permanent stasis effect.
You can dig through walls and to a lower floor.
Your four strong arms can wield two-handed weapons with a shield.
You have a pair of large antennae on your head. (SInv)


Message History

* * * LOW HITPOINT WARNING * * *
You feel sick.
The killer bee stings you but does no damage. x2
The killer bee barely misses you. The killer bee stings you.
* * * LOW HITPOINT WARNING * * *
You are more poisoned.
The killer bee poisons you! The killer bee barely misses you.
You block the killer bee's attack. x2
The killer bee stings you but does no damage.
You stomp with the beat, sending a shockwave through the revelers around you!
You kill the killer bee! x4
You feel somewhat more hungry.
You can no longer stomp with the beat.
* * * LOW HITPOINT WARNING * * *
You feel very sick.
Unknown command.
* * * LOW HITPOINT WARNING * * *
You feel sick.
You see here a killer bee corpse.
You die...

#.....).)#######....
#..>..)()))†........
#.....)..#######....
###...).## .. #....
#.#.####.....#####
#................)
#.#..........##...
#.#)....### #...
#@#.....## #>..
######†#.<.....#
#...
#..............#
#...
#.....†........#
#...
#..))..........#
####
#..).).........#
#...#####......#
#.#..# .......
#.##)# ###'##


There were no monsters in sight!

Vanquished Creatures
  An unseen horror (D:6)
  An ugly thing (D:9)
  Joseph (D:9)
  Psyche (D:9)
  6 yaks (D:9)
  Grum (D:9)
  A wyvern (D:9)
  A water moccasin (D:6)
  3 orc warriors
  Purgy (D:3)
  4 ice beasts
  An eye of draining (D:4)
  2 phantoms
  A wasp (D:8)
  4 wolves (D:9)
  6 ogres
  2 centaurs
  A crocodile (D:8)
  2 big kobolds (D:9)
  8 giant frogs
  A wyvern skeleton (D:8)
  2 scorpions (D:8)
  10 killer bees
  4 wights (D:7)
  2 crimson imps
  2 giant frog zombies (D:9)
  4 hounds
  8 orc wizards
  3 jellies
  7 orc priests
  A giant frog skeleton (D:7)
  5 worker ants
  A hound zombie (D:5)
  A hound skeleton (D:7)
  2 worker ant zombies
  5 gnolls
  6 adders
  2 shadow imps (D:9)
  An ooze (D:2)
  3 adder zombies
  An adder skeleton (D:9)
  3 worms
  3 dart slugs
  2 giant geckos
  31 orcs
  8 bats
  3 giant cockroaches
  11 goblins
  11 hobgoblins
  7 jackals
  13 kobolds
  5 quokkas
  A ball python (D:2)
  A giant newt (D:4)
  A jackal skeleton (D:8)
  A quokka zombie (D:8)
  6 rats
226 creatures vanquished.

Vanquished Creatures (others)
  5 fungi (D:9)
  A plant (D:9)
6 creatures vanquished.

Grand Total: 232 creatures vanquished

Notes
Turn   | Place    | Note
--------------------------------------------------------------
     0 | D:1      | vatarom the Formicid Fighter began the quest for the Orb.
     0 | D:1      | Reached XP level 1. HP: 18/18 MP: 1/1
    86 | D:1      | Reached XP level 2. HP: 23/24 MP: 2/2
   659 | D:1      | Reached XP level 3. HP: 29/29 MP: 3/3
  1017 | D:2      | Reached XP level 4. HP: 35/35 MP: 4/4
  1254 | D:2      | Found a blossoming altar of Fedhas.
  1554 | D:3      | Reached XP level 5. HP: 31/41 MP: 5/5
  1764 | D:3      | Noticed Purgy
  1771 | D:3      | Killed Purgy
  1771 | D:3      | Reached skill level 5 in Armour
  1771 | D:3      | Reached XP level 6. HP: 45/47 MP: 6/6
  1878 | D:3      | Reached skill level 5 in Maces & Flails
  1982 | D:3      | Found a burning altar of Makhleb.
  2438 | D:4      | Noticed a phantom
  2479 | D:4      | Killed a phantom
  2479 | D:4      | Reached XP level 7. HP: 36/52 MP: 7/7
  2628 | D:4      | Found a shadowy altar of Dithmenos.
  3206 | D:4      | Found a bloodstained altar of Trog.
  3258 | D:5      | Entered Level 5 of the Dungeon
  3264 | D:5      | Found a staircase to the Ecumenical Temple.
  3286 | Temple   | Entered the Ecumenical Temple
  3383 | Temple   | Became a worshipper of Uskayaw the Reveler
  3454 | D:5      | Found a white marble altar of Elyvilon.
  3524 | D:5      | Reached * piety under Uskayaw
  3592 | D:5      | Reached XP level 8. HP: 53/58 MP: 8/8
  3592 | D:5      | Reached ** piety under Uskayaw
  3933 | D:6      | Found a sacrificial altar of Ru.
  4165 | D:6      | Found a shimmering altar of Xom.
  4165 | D:6      | Noticed an unseen horror
  4184 | D:6      | Reached *** piety under Uskayaw
  4188 | D:6      | Reached **** piety under Uskayaw
  4197 | D:6      | Killed an unseen horror
  4197 | D:6      | Reached XP level 9. HP: 21/64 MP: 9/9
  4197 | D:6      | Reached ***** piety under Uskayaw
  5033 | D:7      | Found a glowing golden altar of the Shining One.
  5444 | D:7      | Reached skill level 4 in Fighting
  5742 | D:8      | Reached skill level 5 in Fighting
  5838 | D:8      | Reached skill level 6 in Fighting
  5839 | D:8      | Reached XP level 10. HP: 26/76 MP: 10/10
  6172 | D:8      | Reached skill level 7 in Fighting
  6523 | D:8      | Reached skill level 8 in Fighting
  7251 | D:9      | Reached skill level 9 in Fighting
  7312 | D:9      | Found a stormy altar of Qazlal.
  7357 | D:9      | Found a staircase to the Lair.
  7433 | D:9      | Reached skill level 10 in Fighting
  7437 | D:9      | Reached ****** piety under Uskayaw
  7831 | D:9      | Found a sacrificial altar of Ru.
  7831 | D:9      | Noticed a purple ugly thing
  7853 | D:9      | Killed a purple ugly thing
  7919 | D:9      | Noticed Joseph
  7936 | D:9      | Killed Joseph
  7936 | D:9      | Reached XP level 11. HP: 85/92 MP: 12/14
  7941 | D:9      | Reached skill level 5 in Invocations
  7988 | D:9      | Noticed Psyche
  8002 | D:9      | Noticed Grum
  8022 | D:9      | Killed Psyche
  8035 | D:9      | Killed Grum
  9111 | D:9      | HP: 4/92 [poisoned by a killer bee]
  9113 | D:9      | Succumbed to a killer bee's poison

Vault maps used:
D:1:      lemuel_arrival_cross
D:2:      lemuel_doored_altar
D:3:      old_standard_altar, minmay_door_square, uniq_purgy
D:4:      nicolae_dithmenos_through_a_glass_darkly, first_bread,
          glass_columns_c, trog_eyes_of_draining
D:5:      basic_altar, abandoned_shop
D:6:      hangedman_feature_mirror
D:7:      nicolae_overflow_hidden_temple
D:9:      nicolae_overflow_crystal_walls, kennysheep_mini_moat,
          dpeg_oklobed_lair, hiddenorc2_lemuel, uniq_joseph, uniq_psyche,
          uniq_grum
Temple:   lightli_temple_of_artemis

Skill      XL: |  1  2  3  4  5  6  7  8  9 10 11 |
---------------+----------------------------------+-----
Maces & Flails | 3 4 5 6 8 |  8.9
Armour         | 4 5 7 9 |  9.8
Fighting       | 6 10 | 10.4
Invocations    | 4 9 |  9.2
Shields        | |  3.7

Action                   |  1- 3 |  4- 6 |  7- 9 | 10-12 || total
-------------------------+-------+-------+-------+-------++-------
Melee: Flail             |   104 |   205 |   284 |   441 ||  1034
       Dire flail        |       |       |       |    46 ||    46
Invok: Stomp             |       |       |     1 |    11 ||    12
       Line Pass         |       |       |     1 |     2 ||     3
 Abil: Dig               |       |     1 |     1 |       ||     2
  Use: Scroll            |     4 |     3 |     9 |       ||    16
       Potion            |       |     2 |     2 |     6 ||    10
 Stab: Paralysed         |       |       |     4 |    19 ||    23
       Invisible         |       |       |       |     3 ||     3
  Eat: Chunk             |     1 |     4 |       |     2 ||     7
       Meat ration       |       |     1 |       |       ||     1
       Bread ration      |       |       |     2 |     2 ||     4
       Pizza             |       |       |     1 |       ||     1
Armor: Scale mail        |    56 |   102 |    99 |       ||   257
       Plate armour      |       |       |    46 |   308 ||   354
Dodge: Dodged            |    35 |    66 |    79 |   113 ||   293
Block: Shield            |    53 |   130 |   158 |   244 ||   585
